 Dungeon Crawl Stone Soup version 0.28-a0-792-g75f770b44e (webtiles) character file.

Game seed: 5982812735273098056

169 Lemonice the Sneak (level 5, 0/35 HPs)
             Began as an Octopode Earth Elementalist on Nov 3, 2021.
             Slain by a water moccasin skeleton (4 damage)
             ... on level 4 of the Dungeon.
             The game lasted 00:05:00 (2865 turns).

Lemonice the Sneak (Octopode Earth Elementalist)    Turns: 2865, Time: 00:05:01

Health: 0/35       AC:  1    Str:  5 (8)  XL:     5   Next: 50%
Magic:  7/8        EV: 13    Int: 14 (17) God:
Gold:   84         SH:  0    Dex: 12 (13) Spells: 7/8 levels left

rFire   . . .      SeeInvis .   c - +2 short sword (venom)
rCold   . . .      Faith    .   (no shield)
rNeg    + . .      Spirit   .   (helmet restricted)
rPois   .          Reflect  .   (no amulet)
rElec   .          Harm     .   f - ring of positive energy
rCorr   .          Rampage  .   (no ring)
Will    .....                   (no ring)
Stlth   +++.......              (no ring)
HPRegen 0.11/turn               (no ring)
MPRegen 0.11/turn               (no ring)
                                (no ring)
                                (no ring)

@: no status effects
A: almost no armour, amphibious, 8 rings, camouflage 1, gelatinous body 1,
(nimble swimmer 1), tentacles
a: no special abilities


You were on level 4 of the Dungeon.
You visited 1 branch of the dungeon, and saw 4 of its levels.

You collected 84 gold pieces.

Inventory:

Hand Weapons
 a - a +0 dagger
 c - a +2 short sword of venom (weapon)
Missiles
 b - 96 stones
Jewellery
 f - a ring of positive energy (left tentacle)
Wands
 k - a wand of polymorph (2)
Scrolls
 e - 3 scrolls of identify {unknown}
 h - a scroll of amnesia {unknown}
 i - 2 scrolls of enchant armour {unknown}
Potions
 g - 2 potions of degeneration


   Skills:
 * Level 2.5 Fighting
 * Level 2.6 Short Blades
 * Level 3.2 Dodging
 + Level 3.6 Stealth
 - Level 2.0 Spellcasting
 - Level 1.0 Transmutations
 - Level 3.0 Earth Magic


You had 7 spell levels left.
You knew the following spells:

 Your Spells              Type           Power      Damage    Failure   Level
a - Sandblast             Erth           18%        2d7       7%          1

Your spell library contained the following spells:

 Spells                   Type           Power      Damage    Failure   Level
 Passwall                 Tmut/Erth      5%         N/A       16%         2
 Summon Small Mammal      Summ           4%         N/A       24%         1
 Stone Arrow              Conj/Erth      10%        3d7       36%         3
 Call Canine Familiar     Summ           1%         N/A       56%         3
 Gell's Gravitas          Tloc           1%         N/A       56%         3
 Lesser Beckoning         Tloc           1%         N/A       56%         3
 Summon Guardian Golem    Hex/Summ       1%         N/A       56%         3
 Teleport Other           Tloc           1%         N/A       56%         3
 Petrify                  Tmut/Erth      7%         N/A       71%         4
 Animate Dead             Necr           0%         N/A       93%         4
 Borgnjor's Vile Clutch   Necr/Erth      2%         N/A       98%         5
 Death Channel            Necr           0%         N/A       100%        6


Dungeon Overview and Level Annotations

Branches:
Dungeon (4/15)
 Temple: D:4-7

Altars:


Innate Abilities, Weirdness & Mutations

You cannot wear most types of armour.
You are amphibious.
You can wear up to eight rings at the same time.
Your skin changes colour to match your surroundings (Stealth+).
Your rubbery body absorbs attacks. (AC +1, EV +1)
((You are camouflaged near water. (Stealth+)))
You have tentacles for arms and can constrict up to eight enemies at once.


Message History

The hound skeleton bites you.
The hound skeleton bites you but does no damage.
You closely miss the hound skeleton. You grab the hound skeleton.
You constrict the hound skeleton. The hound skeleton misses you.
The hound skeleton bites you.
* * * LOW HITPOINT WARNING * * *
Unknown command.
You hit the hound skeleton.
The hound skeleton is moderately damaged.
You constrict the hound skeleton. The hound skeleton misses you.
You hit the hound skeleton.
The hound skeleton is heavily damaged.
You constrict the hound skeleton. The hound skeleton bites you.
* * * LOW HITPOINT WARNING * * *
You puncture the hound skeleton!
The hound skeleton is almost destroyed.
You constrict the hound skeleton. The hound skeleton bites you.
* * * LOW HITPOINT WARNING * * *
The hound skeleton bites you.
* * * LOW HITPOINT WARNING * * *
You hit the hound skeleton.
You destroy the hound skeleton!
You feel better. The water moccasin skeleton bites you.
* * * LOW HITPOINT WARNING * * *
The water moccasin skeleton closely misses you.
It was a potion of degeneration.
There was something very wrong with that liquid.
You feel weakened.
You feel dopey.
You feel clumsy. The water moccasin skeleton misses you.
It was a potion of magic.
Magic courses through your body.
The water moccasin skeleton barely misses you.
Casting: Sandblast (safe; 7% risk of failure)
Confirm with . or Enter, or press ? or * to list all spells.
Aiming: Sandblast (safe; 7% risk of failure)
Press: ? - help, Shift-Dir - straight line, f - water moccasin skeleton
Aim: a water moccasin skeleton (84% to hit)
The blast of sand hits the water moccasin skeleton.
The water moccasin skeleton is lightly damaged.
The water moccasin skeleton bites you.
You die...

.###.#### .....†.#
.....#.################
...###................#
#.....................
..#................#
...##............##..
...#.#.........Z#[#
....#.##......##@#..
.....##.#....#.##.....#
.....#.#.#..#.#.#.....#
......#.##..##.#......#
.......##....##.......#
......................#
................ .....#
.......##....##. .....#
......#.##..##


You could see a water moccasin skeleton.

Vanquished Creatures
  Natasha (thrice) (D:4)
  A hound skeleton (D:4)
  An adder (D:3)
  A shadow imp (D:4)
  A worm (D:3)
  3 dart slugs
  2 orcs (D:3)
  8 ball pythons
  3 endoplasms
  A giant cockroach (D:3)
  3 goblins
  5 hobgoblins
  A quokka (D:1)
  7 bats
  3 frilled lizards
  10 kobolds
  7 rats
60 creatures vanquished.

Notes
Turn   | Place    | Note
-------+----------+-------------------------------------------
     0 | D:1      | Lemonice the Octopode Earth Elementalist began the quest
                  | for the Orb.
     0 | D:1      | Reached XP level 1. HP: 11/11 MP: 3/3
    13 | D:1      | You fall into a shaft and drop 1 floor!
   380 | D:2      | Reached XP level 2. HP: 18/18 MP: 5/5
   680 | D:2      | Reached skill level 1 in Fighting
  1000 | D:1      | Reached skill level 1 in Short Blades
  1116 | D:1      | Reached XP level 3. HP: 17/23 MP: 6/6
  1910 | D:3      | Found a faded altar of an unknown god.
  2321 | D:3      | Reached XP level 4. HP: 29/29 MP: 7/7
  2519 | D:4      | Noticed Natasha
  2525 | D:4      | Killed Natasha
  2563 | D:4      | Noticed a black bear
  2573 | D:4      | Noticed Natasha
  2578 | D:4      | Killed Natasha
  2579 | D:4      | Reached XP level 5. HP: 29/34 MP: 8/8
  2615 | D:4      | Noticed Natasha
  2626 | D:4      | Killed Natasha
  2865 | D:4      | Slain by a water moccasin skeleton

Illustrated notes

Levels and vault maps discovered:
D:1:      dpeg_arrival_another_circle, layout_rooms
D:2:      layout_basic, hangedman_decor_clover_reticule,
          minmay_misc_feat_plants, chequers_mini_garden
D:3:      layout_rooms, ebering_ecumenical_altar_sacrificial, minmay_box_of_dots
D:4:      layout_cave_pools, hangedman_decor_push,
          minmay_misc_feat_secret_circle, grunt_ministairs_13,
          uniq_crazy_yiuf_cottage, uniq_natasha

Skill      XL: |  1  2  3  4 |
---------------+-------------+-----
Fighting       | 1 2 |  2.5
Short Blades   | 1 2 |  2.6
Stealth        | 3 |  3.6
Dodging        | 3 |  3.2
Spellcasting   | |  2.0
Transmutations | |  1.0
Earth Magic    | |  3.0

Action                   |  1- 3 |  4- 6 || total
-------------------------+-------+-------++-------
Melee: Dagger            |     8 |       ||     8
       Constrict         |    22 |     8 ||    30
       Short sword       |    63 |    38 ||   101
       Tentacles         |    12 |     3 ||    15
       Unarmed           |     2 |       ||     2
 Cast: Sandblast         |     3 |     2 ||     5
  Use: Potion            |     1 |     4 ||     5
 Stab: Sleeping          |    14 |     4 ||    18
Armor: Skin              |    14 |     3 ||    17
Dodge: Dodged            |    57 |    17 ||    74

Table legend: (Time is in decaauts)
 A = Elapsed time spent in this place.
 B = Non-inter-level travel time spent in this place.
 C = Inter-level travel time spent in this place.
 D = Time resting spent in this place.
 E = Time spent auto-exploring this place.
 F = Levels seen in this place.
 G = Mean time per level.
                   A        B        C        D        E       F      G
               +--------+--------+--------+--------+--------+-----+--------+
         Total |   2876 |   2766 |    110 |      0 |   2199 |   4 |  719.0 |
       Dungeon |   2876 |   2766 |    110 |      0 |   2199 |   4 |  719.0 |
               +--------+--------+--------+--------+--------+-----+--------+

Top non-repeatable levels by time:
     D:1: 1141 daAuts
     D:2: 754 daAuts
     D:3: 563 daAuts
     D:4: 417 daAuts
